 Dungeon Crawl Stone Soup version 0.30-b1-2-g02819fbbbe (webtiles) character file.

Game seed: 2224789717378561213

17 sking99 the Ruffian (level 2, -3/16 HPs)
             Began as a Gargoyle Transmuter on June 29, 2023.
             Was a Follower of Kikubaaqudgha.
             Slain by a kobold
             ... wielding a +0 whip
              (4 damage)
             ... on level 1 of the Dungeon.
             The game lasted 00:01:49 (591 turns).

sking99 the Ruffian (Gargoyle Transmuter)            Turns: 591, Time: 00:01:50

Health: -3/16      AC:  4    Str: 13    XL:     2   Next: 62%
Magic:  5/5        EV: 12    Int: 13    God:    Kikubaaqudgha [*.....]
Gold:   27         SH:  0    Dex: 10    Spells: 4/5 levels left

rFire   . .          .
                       - Unarmed
rCold   . . .        (no shield)
rNeg    + . .        a - +0 robe
rPois   ∞            (no helmet)
rElec   +            (no cloak)
rCorr   .            (no gloves)
SInv    .            (no boots)
Will    .....        (no amulet)
Stlth   +            (no ring)
HPRegen 0.22/turn    (no ring)
MPRegen 0.09/turn

%: no passive effects
@: no status effects
A: sickness immunity, AC +2, negative energy resistance 1, electricity
resistance, torment resistance 1, petrification resistance
a: Renounce Religion, Unearth Wretches


You were on level 1 of the Dungeon.
You worshipped Kikubaaqudgha.
Kikubaaqudgha was aware of your devotion.
You visited 1 branch of the dungeon, and saw 1 of its levels.

You collected 27 gold pieces.

Inventory:

Armour
 a - a +0 robe (worn)
Scrolls
 c - a scroll of identify {unknown}
Potions
 b - a potion of lignification
 d - a potion of degeneration {unknown}
 e - 2 potions of attraction {unknown}


   Skills:
 + Level 1.6 Fighting
 + Level 1.8 Dodging
 * Level 3.4 Unarmed Combat
 - Level 2.0 Spellcasting
 + Level 0.0 Necromancy
 - Level 1.5 Transmutations


You had 4 spell levels left.
You knew the following spells:

 Your Spells              Type           Power      Damage    Failure   Level
a - Beastly Appendage     Tmut           10%        N/A       14%         1

Your spell library contained the following spells:

 Spells                   Type           Power      Damage    Failure   Level
 Wereblood                Tmut           5%         N/A       21%         2
 Kiss of Death            Conj/Necr      4%         2d5       26%         1
 Necrotise                Necr           4%         1d4       26%         1
 Spider Form              Tmut/Pois      3%         N/A       50%         3
 Vampiric Draining        Necr           1%         2d6       58%         3
 Ice Form                 Ice/Tmut       3%         N/A       88%         4
 Animate Dead             Necr           1%         N/A       94%         4


Dungeon Overview and Level Annotations

Branches:
Dungeon (1/15)

Altars:
Kikubaaqudgha


Innate Abilities, Weirdness & Mutations

You are immune to sickness and miasma.
Your stone body is resilient. (AC +2)
You are immune to poison.
You resist negative energy. (rN+)
You are resistant to electric shocks. (rElec)
You are resistant to unholy torment.
You are immune to petrification.


Message History

Kikubaaqudgha accepts your prayer! Kikubaaqudgha welcomes you!
You can now bring forth the wretched and dying.
Kikubaaqudgha grants you a gift!
You add the spells Kiss of Death, Necrotise, Vampiric Draining and Animate Dead to your library.
Okay, then.
There is an open door here.
There is an open door here.
Found a stone staircase leading down.
A kobold comes into view. It is wielding a +0 whip.
A kobold is nearby!
A kobold is nearby!
Unknown command.
The kobold throws a stone.
The stone barely misses you. The kobold barely misses you.
The kobold hits you but does no damage. The kobold misses you.
The kobold misses you. The kobold hits you with a +0 whip.
The kobold hits you with a +0 whip. The kobold barely misses you.
The kobold closely misses you. The kobold barely misses you.
The kobold closely misses you. The kobold hits you with a +0 whip.
The kobold hits you with a +0 whip. The kobold closely misses you.
The kobold hits you but does no damage. The kobold closely misses you.
The kobold closely misses you. The kobold hits you with a +0 whip.
The kobold hits you with a +0 whip.
* * * LOW HITPOINT WARNING * * *
The kobold hits you with a +0 whip.
* * * LOW HITPOINT WARNING * * *
The kobold barely misses you. The kobold misses you.
The kobold hits you with a +0 whip.
You die...
Kikubaaqudgha rasps: "You have failed me!
Welcome... oblivion!"

......########.##.#
#.###8# # #.#.#.#
.##.# #.#...######
..#.#.# # #.#
#.#.#.##.... #. #.#
#.'P#.P##### #. #.#
#####._.#### #.##.#
#.###P.#P'. #..#.#
#.# ##.#.#. #...#
#.# #...#. #.@##
#.# #8###.
#.>K...##.# #.....
#########.# #'####
#.####.####
#..........
###########


You could see a kobold.

Vanquished Creatures
  2 dart slugs (D:1)
  An endoplasm (D:1)
  2 goblins (D:1)
  A hobgoblin (D:1)
  3 quokkas (D:1)
  A ball python (D:1)
  2 kobolds (D:1)
12 creatures vanquished.

Notes
Turn   | Place    | Note
-------+----------+-------------------------------------------
     0 | D:1      | sking99 the Gargoyle Transmuter began the quest for the
                  | Orb.
     0 | D:1      | Reached XP level 1. HP: 12/12 MP: 3/3
   122 | D:1      | Reached XP level 2. HP: 16/16 MP: 3/5
   391 | D:1      | Found a faded altar of an unknown god.
   524 | D:1      | Prayed at the altar of an unknown god.
   524 | D:1      | Became a worshipper of Kikubaaqudgha
   524 | D:1      | Reached * piety under Kikubaaqudgha
   524 | D:1      | Received a gift from Kikubaaqudgha
   591 | D:1      | Slain by a kobold

Illustrated notes

Levels and vault maps discovered:
D:1:      kennysheep_arrival_seaside, layout_basic,
          shapermc_ecumenical_altar_ellora

Action                     || total
---------------------------++-------
  Melee: Unarmed           ||    44
         Kick              ||     6
         Headbutt          ||     2
         Punch             ||     1
   Cast: Beastly Appendage ||     5
 Armour: Robe              ||    15
  Dodge: Dodged            ||    34
